 Dungeon Crawl Stone Soup version 0.21-a0-531-gacddea6 (webtiles) character file.

41 slep the Slasher (level 3, 0/18 HPs)
             Began as a Vine Stalker Gladiator on Dec 14, 2017.
             Succumbed to an adder's poison
             ... on level 2 of the Dungeon.
             The game lasted 00:03:18 (1119 turns).

slep the Slasher (Vine Stalker Gladiator)           Turns: 1119, Time: 00:03:19

Health: 0/18       AC:  4    Str: 16    XL:     3   Next: 52%
Magic:  1/4        EV: 13    Int:  8    God:
Gold:   97         SH:  0    Dex: 16    Spells: 2/2 levels left

rFire    . . .     SeeInvis .   a - +0 long sword
rCold    . . .     Gourm    .   (no shield)
rNeg     . . .     Faith    .   b - +0 leather armour
rPois    .         Spirit   +   c - +0 helmet
rElec    .         Reflect  .   o - scarf {repulsion}
rCorr    .         Harm     .   (no gloves)
MR       .....                  (no boots)
Stlth    +.........             (no amulet)
HPRegen  0.06/turn              (no ring)
MPRegen  0.09/turn              (no ring)

@: lethally poisoned (0 -> -3), repel missiles
A: fangs 2, magic shield, antimagic bite, no potion heal 3, rot immunity
a: no special abilities


You were on level 2 of the Dungeon.
You were hungry.

You visited 1 branch of the dungeon, and saw 2 of its levels.

You collected 97 gold pieces.

Inventory:

Hand Weapons
 a - a +0 long sword (weapon)
Missiles
 d - 3 throwing nets (quivered)
 p - 6 tomahawks
Armour
 b - a +0 leather armour (worn)
 c - a +0 helmet (worn)
 o - a scarf of repulsion (worn)
Scrolls
 g - a scroll of blinking {unknown}
 i - a scroll of remove curse {unknown}
 j - 2 scrolls of identify {unknown}
 l - 2 scrolls of immolation {unknown}
Potions
 e - a potion of curing {unknown}
 h - a potion of berserk rage {unknown}
 n - 2 potions of mutation {unknown}
Comestibles
 f - a bread ration
 k - 3 meat rations
 m - a fruit


   Skills:
 + Level 2.0 Fighting
 + Level 3.5 Long Blades
 + Level 1.8 Throwing
 + Level 2.8 Dodging


You had 2 spell levels left.
You didn't know any spells.

Dungeon Overview and Level Annotations

Branches:
Dungeon (2/15)

Altars:
Xom

Annotations:
D:2 1 runed door


Innate Abilities, Weirdness & Mutations

You have extremely sharp teeth.
When hurt, damage is shared between your health and your magic reserves.
Your bite disrupts and absorbs the magic of your enemies.
Potions cannot restore your health.
You are immune to rotting.


Message History

The adder is heavily wounded.
The adder bites you but does no damage. x2
You hit the adder.
The adder is severely wounded.
The adder bites you.
* * * LOW HITPOINT WARNING * * *
You miss the adder.
The adder is severely wounded.
You feel sick. The adder closely misses you. The adder misses you.
You closely miss the adder. You bite the adder, but do no damage.
The adder is severely wounded.
The adder bites you but does no damage.
You hit the adder.
The adder is almost dead.
The adder bites you.
* * * LOW HITPOINT WARNING * * *
The adder completely misses you.
You barely miss the adder.
The adder is almost dead.
You die...

♣♣ ♣ #..#
♣ #..# ♣♣
#..# .♣♣
#..# .P♣
###..# ..#
....#
..### #S.#
..#.# #@.#
.##.#
###..#####
....#
#........#
###.#
#........#
..#.#
#........#
#.#.#
#........#
#.#.#
#........#
#.#.#
######.###
#.#.# #.#


You could see an adder.

Vanquished Creatures
  An adder (D:2)
  2 dart slugs (D:1)
  2 giant cockroaches
  3 goblins (D:1)
  5 hobgoblins
  A quokka (D:2)
  A bat (D:1)
  2 frilled lizards (D:1)
  5 kobolds
  5 rats
27 creatures vanquished.

Notes
Turn   | Place    | Note
-------+----------+-------------------------------------------
     0 | D:1      | slep the Vine Stalker Gladiator began the quest for the Orb.
     0 | D:1      | Reached XP level 1. HP: 11/11 MP: 2/2
   168 | D:1      | Reached skill level 3 in Long Blades
   168 | D:1      | Reached XP level 2. HP: 8/15 MP: 3/3
   636 | D:2      | Found a runed door.
   676 | D:2      | Reached XP level 3. HP: 15/18 MP: 4/4
   815 | D:2      | Found a shimmering altar of Xom.
  1119 | D:2      | Succumbed to an adder's poison

Vault maps used:
D:1:      eino_arrival_water_star
D:2:      lemuel_crystal_altar, uniq_crazy_yiuf_cottage

Skill      XL: |  1  2 |
---------------+-------+-----
Long Blades    | 3 |  3.5
Fighting       | 2 |  2.0
Throwing       | |  1.8
Dodging        | |  2.8

Action                   || total
-------------------------++-------
Melee: Long sword        ||    64
       Bite              ||    18
Armor: Leather armour    ||    18
Dodge: Dodged            ||    56
       Rpst.: Long sword ||    13

Table legend:
 A = Spawn XP
 B = Non-spawn XP
 C = Spawn XP percentage of total XP
 D = Spawn monster count
 E = Non-spawn monster count
 F = Spawn count percentage of total count
 G = Total turns spent on level
                    A         B        C        D         E        F      G
               +---------+---------+-------+---------+---------+-------+---------
         Total |       0 |      59 |   0.0 |       0 |      27 |   0.0 |  1119
               +---------+---------+-------+---------+---------+-------+---------
           D:1 |       0 |      29 |   0.0 |       0 |      16 |   0.0 |   582
           D:2 |       0 |      30 |   0.0 |       0 |      11 |   0.0 |   537
               +---------+---------+-------+---------+---------+-------+---------
